 Dungeon Crawl Stone Soup version 0.19.1 (webtiles) character file.

11362 Melicamp the Geomancer (level 11, -20/94 HPs)
             Began as a Deep Dwarf Earth Elementalist on Nov 28, 2016.
             Was a Priest of Makhleb.
             Killed from afar by Erolcha (57 damage)
             ... with a crystal spear
             ... on level 10 of the Dungeon on Nov 29, 2016.
             The game lasted 01:58:23 (14360 turns).

Melicamp the Geomancer (DDEE)                      Turns: 14360, Time: 01:58:24

Health: -20/94     AC:  7    Str: 13    XL:     11   Next: 48%
Magic:  19/19      EV: 14    Int: 19    God:    Makhleb [***...]
Gold:   539        SH:  0    Dex: 12    Spells: 5 memorised, 12 levels left

rFire  . . .     SeeInvis .     x - +9 dagger of Inflation {speed, rPois Dex-2 Stlth+}
rCold  . . .     Gourm    .     (no armour)
rNeg   . . .     Faith    .     (no shield)
rPois  +         Spirit   .     t - +0 helmet
rElec  .         Reflect  .     C - +1 cloak
rCorr  .         Harm     .     y - +2 pair of gloves
MR     +....                    r - +0 pair of boots
Stlth  +++.......               M - amulet of magic regeneration
                                I - +2 ring of intelligence
                                a - +1 ring of evasion

@: non-regenerating, slowed, very slow
A: damage resistance, recharge devices, sense surroundings 2, slow regeneration
3
a: Device Recharging, Minor Destruction, Lesser Servant of Makhleb, Renounce
Religion


You were on level 10 of the Dungeon.
You worshipped Makhleb.
Makhleb was most pleased with you.
You were not hungry.

You visited 3 branches of the dungeon, and saw 14 of its levels.
You also visited: Sewer.

You collected 539 gold pieces.

Inventory:

Hand Weapons
 x - the +9 dagger of Inflation (weapon) {speed, rPois Dex-2 Stlth+}
   (You found it on level 5 of the Dungeon)

   Attacks with this weapon are significantly faster.
   It affects your dexterity (-2).
   It protects you from poison.
   It makes you more stealthy.
Missiles
 b - 58 stones (quivered)
Armour
 r - a +0 pair of boots (worn)
 s - a +3 troll leather armour {Purgy}
 t - a +0 helmet (worn)
 y - a +2 pair of gloves (worn)
 C - a +1 cloak (worn)
 N - a +2 robe of positive energy
Jewellery
 a - a +1 ring of evasion (left hand)
 I - a +2 ring of intelligence (right hand)
 J - the amulet "Jasigg" {Reflect Dex+4 SH+3}
   (You found it on level 9 of the Dungeon)

   [amulet of reflection]

   It shields you and reflects attacks.
   It affects your dexterity (+4).
   It affects your SH (+3).
 M - an amulet of magic regeneration (around neck)
Wands
 c - a wand of slowing (27/48)
 d - a wand of heal wounds (0/9)
 j - a wand of teleportation (5/9)
 A - a wand of acid (7/15)
 F - a wand of random effects (31/48)
 G - a wand of digging (11/24)
 H - a wand of polymorph (12/24)
 K - a wand of confusion (32/48)
Scrolls
 u - 3 scrolls of remove curse
 v - a scroll of blinking
 E - 2 scrolls of teleportation
 L - a scroll of fog
 O - a scroll of enchant armour
Potions
 g - 3 potions of heal wounds
 h - 2 potions of brilliance
 i - 7 potions of curing
 l - 2 potions of resistance {unknown}
 n - 3 potions of haste
 o - 2 potions of lignification
 q - 4 potions of berserk rage
 w - a potion of cancellation {unknown}
 z - a potion of flight {unknown}
 D - a potion of mutation {unknown}
Books
 e - a book of Geomancy

   Spells                             Type                      Level
   a - Sandblast                      Earth                        1
   b - Passwall                       Transmutation/Earth          2
   c - Stone Arrow                    Conjuration/Earth            3
   d - Petrify                        Transmutation/Earth          4
   e - Lee's Rapid Deconstruction     Earth                        5
Comestibles
 f - 6 bread rations
 k - 7 meat rations
 m - 3 fruits
 p - 12 chunks of flesh
 B - 11 royal jellies


   Skills:
 - Level 5.0 Fighting
 * Level 8.6 Short Blades
 - Level 3.2 Dodging
 - Level 2.4 Stealth
 - Level 8.6 Spellcasting
 - Level 5.3 Transmutations
 - Level 11.3 Earth Magic
 - Level 4.3 Invocations


You had 12 spell levels left.
You knew the following spells:

 Your Spells              Type           Power        Failure   Level  Hunger
a - Sandblast             Erth           ######       1%          1    None
b - Passwall              Tmut/Erth      #####.....   1%          2    None
c - Stone Arrow           Conj/Erth      ####..       2%          3    None
d - Petrify               Tmut/Erth      #####...     3%          4    ###....
e - Lee's Rapid Deconstr  Erth           ######....   2%          5    #####..


Dungeon Overview and Level Annotations

Branches:
Dungeon (12/15)            Temple (1/1) D:7            Lair (0/6) D:9
    Orc (1/2) D:10

Altars:
Ashenzari
Cheibriados
Dithmenos
Elyvilon
Fedhas
Gozag
Hepliaklqana
Kikubaaqudgha
Makhleb
Nemelex Xobeh
Okawaru
Qazlal
Ru
Sif Muna
Trog
Uskayaw
Vehumet
Xom
Yredelemnul
Zin
The Shining One

Shops:
D:4 %   D:9 %*

Annotations:
D:6 1 exclusion, Grinder
D:10 Erolcha


Innate Abilities, Weirdness & Mutations

You are resistant to damage.
You can recharge devices by infusing magical energy.
You passively map the area around you.
You do not regenerate.


Message History

You continue taking off your +3 troll leather armour {Purgy}.
Erolcha barely misses you. The warg bites you! Erolcha barely misses you.
The warg barely misses you.
You finish taking off your +3 troll leather armour {Purgy}.
Evoke which item? (* to show all) (? for menu, Esc to quit)
Zapping:
d - a wand of heal wounds (2/9)
Press: ? - help, Shift-Dir - straight line, f - you You feel much better.
This wand has 1 charge left.
Erolcha hits you with a giant club!! The warg bites you!
Erolcha screams, "DIE!"
Erolcha hits you with a giant club. The warg bites you!
* * * LOW HITPOINT WARNING * * *
Evoke which item? (* to show all) (? for menu, Esc to quit)
Zapping:
d - a wand of heal wounds (1/9)
Press: ? - help, Shift-Dir - straight line, f - you You feel much better.
This wand has 0 charges left.
The warg bites you! Erolcha casts a spell at you. The crystal spear hits you!
Ouch! That really hurt!
You die...

#....####
#....#...........
#....##.##
#....')))........
#....###.##
#...[#...........
#....# ##.##
#....#####..####'
#....# ##.##
#........######..
#....#
##.###........#....#..
#....#
##.##........+....#..
#....#
##h#........#....#..
#....#
##@[.).....#....#..
#....#
#[O.).....##'###..
#....#
######)...........
#....#
#...#......).....
#....#
#...#............
#....#
#...#...)........
#....#
##..#............
#....#
#...#............
#....#
#..##)...........


You could see Erolcha and a warg.

Vanquished Creatures
  Erica (D:7)
  2 unseen horrors
  A hill giant (D:10)
  Pikel (D:8)
  An orc sorcerer (Orc:1)
  Psyche (D:10)
  Maurice (D:8)
  A komodo dragon (D:9)
  2 polar bears (D:10)
  A troll (D:9)
  A two-headed ogre (D:8)
  A steam dragon (D:9)
  A hungry ghost (D:8)
  Menkaure (D:7)
  A warg (D:10)
  A mottled dragon (D:8)
  A water moccasin (D:7)
  8 orc warriors
  An ice beast (D:10)
  Purgy (Sewer)
  3 sky beasts
  2 phantoms
  A slave (D:8)
  A wolf (D:10)
  6 ogres
  5 crocodiles (D:9)
  2 big kobolds
  5 bullfrogs
  A water moccasin skeleton (D:10)
  4 scorpions
  11 killer bees (D:7)
  An electric eel (D:10)
  7 howler monkeys
  3 crimson imps
  A quasit (D:8)
  6 hounds
  6 orc priests
  6 jellies
  2 bullfrog skeletons
  3 centaur skeletons
  Natasha (thrice) (D:3)
  3 iguanas
  5 worker ants
  15 orc wizards
  A centaur simulacrum (D:10)
  A hound zombie (D:7)
  A hound skeleton (D:4)
  A worker ant zombie (D:5)
  Robin (D:3)
  17 gnolls
  17 adders
  A shadow imp (D:5)
  4 white imps (D:10)
  A howler monkey simulacrum (D:10)
  6 oozes
  2 adder zombies
  5 worms
  3 dart slugs
  4 leopard geckos
  58 orcs
  9 bats
  7 giant cockroaches
  18 goblins
  8 hobgoblins
  9 jackals
  3 quokkas
  8 ball pythons
  A ball python zombie (D:5)
  8 frilled lizards
  17 kobolds
  A leopard gecko zombie (D:8)
  A quokka skeleton (D:9)
  15 rats
359 creatures vanquished.

Vanquished Creatures (others)
  3 slaves (D:8)
  An orc wizard (D:8)
  An orc (D:8)
  A giant cockroach (D:8)
6 creatures vanquished.

Grand Total: 365 creatures vanquished

Notes
Turn   | Place    | Note
-------+----------+-------------------------------------------
     0 | D:1      | Melicamp the Deep Dwarf Earth Elementalist began the quest for the Orb.
     0 | D:1      | Reached XP level 1. HP: 15/15 MP: 3/3
   151 | D:1      | Reached XP level 2. HP: 20/22 MP: 3/5
   679 | D:1      | Reached XP level 3. HP: 21/28 MP: 5/7
   735 | D:2      | Found a sparkling altar of Nemelex Xobeh.
  1053 | D:2      | Learned a level 2 spell: Passwall
  1057 | D:2      | Learned a level 3 spell: Stone Arrow
  1142 | D:2      | Found a shadowy altar of Dithmenos.
  1359 | D:2      | Reached XP level 4. HP: 25/36 MP: 4/9
  2206 | D:3      | Noticed Robin
  2253 | D:3      | Found a stormy altar of Qazlal.
  2256 | D:3      | Reached XP level 5. HP: 39/42 MP: 8/11
  2368 | D:3      | Noticed Natasha
  2376 | D:3      | Killed Robin
  2376 | D:3      | Reached skill level 5 in Earth Magic
  2388 | D:3      | Killed Natasha
  2707 | D:3      | Noticed Natasha
  2710 | D:3      | Killed Natasha
  2710 | D:3      | Reached skill level 6 in Earth Magic
  2728 | D:3      | Noticed Natasha
  2737 | D:3      | Killed Natasha
  2994 | D:3      | Reached XP level 6. HP: 35/49 MP: 5/12
  3144 | D:3      | Found a deep blue altar of Sif Muna.
  3264 | D:4      | Found a glowing drain.
  3286 | Sewer    | Entered a sewer
  3323 | Sewer    | Noticed Purgy
  3464 | Sewer    | Killed Purgy
  3464 | Sewer    | Reached skill level 7 in Earth Magic
  3762 | D:4      | Found a hide-covered altar of Uskayaw.
  3806 | D:4      | Reached skill level 8 in Earth Magic
  4036 | D:4      | Found Quastro's Jewellery Boutique.
  4084 | D:4      | Found Usexo's Food Boutique.
  4138 | D:4      | Reached XP level 7. HP: 36/55 MP: 8/12
  4179 | D:4      | Learned a level 4 spell: Petrify
  4492 | D:4      | Reached skill level 9 in Earth Magic
  4990 | D:5      | Entered Level 5 of the Dungeon
  5379 | D:5      | Reached skill level 10 in Earth Magic
  5511 | D:5      | Reached skill level 1 in Transmutations
  5597 | D:5      | Found a hazy altar of Hepliaklqana.
  5643 | D:5      | Reached skill level 5 in Spellcasting
  5643 | D:5      | Reached XP level 8. HP: 55/62 MP: 9/14
  5807 | D:5      | Got a dazzling dagger
  5808 | D:5      | Identified the +9 dagger of Inflation {speed, rPois Dex-2 Stlth+} (You found it on level 5 of the Dungeon)
  6073 | D:6      | Found a sand-covered staircase.
  6319 | D:6      | Noticed Grinder
  6832 | D:7      | Noticed Menkaure
  6852 | D:7      | Killed Menkaure
  6947 | D:7      | Gained mutation: You passively map the area around you. [Deep Dwarf growth]
  6947 | D:7      | Reached XP level 9. HP: 56/68 MP: 15/17
  7473 | D:7      | Found a staircase to the Ecumenical Temple.
  7481 | Temple   | Entered the Ecumenical Temple
  7716 | Temple   | Became a worshipper of Makhleb the Destroyer
  8047 | D:8      | Noticed Maurice
  8047 | D:8      | Noticed Erica
  8092 | D:7      | Killed Erica
  8092 | D:7      | Reached skill level 5 in Transmutations
  8099 | D:7      | Learned a level 5 spell: Lee's Rapid Deconstruction
  9454 | D:8      | Killed Maurice
  9608 | D:8      | Noticed Pikel
  9627 | D:8      | Killed Pikel
  9627 | D:8      | Reached skill level 11 in Earth Magic
  9627 | D:8      | Reached XP level 10. HP: 73/75 MP: 4/19
  9845 | D:8      | Reached skill level 1 in Short Blades
  9932 | D:8      | Reached * piety under Makhleb
 10096 | D:8      | Reached skill level 1 in Fighting
 10440 | D:8      | Found a blossoming altar of Fedhas.
 10874 | D:8      | Reached ** piety under Makhleb
 11343 | D:9      | Found Rynawk's General Store.
 11517 | D:9      | You fall through a shaft for 3 floors!
 11566 | D:12     | Killed an unseen horror
 11566 | D:12     | Reached skill level 5 in Short Blades
 11658 | D:10     | Entered Level 10 of the Dungeon
 11790 | D:10     | Killed an unseen horror
 11890 | D:10     | Noticed Psyche
 11894 | D:10     | Killed Psyche
 12051 | D:9      | Found Lemux's Food Emporium.
 12117 | D:9      | Reached XP level 11. HP: 70/92 MP: 13/20
 12174 | D:9      | Got a wavering garnet amulet
 12181 | D:9      | Identified the amulet "Jasigg" {Reflect Dex+4 SH+3} (You found it on level 9 of the Dungeon)
 12797 | D:9      | Identified a scroll of acquirement
 12807 | D:9      | Found a staircase to the Lair.
 12977 | D:10     | Reached *** piety under Makhleb
 13369 | D:10     | Noticed a hill giant
 13410 | D:10     | Killed a hill giant
 13410 | D:10     | Reached skill level 5 in Fighting
 13502 | D:10     | Found a staircase to the Orcish Mines.
 13923 | Orc:1    | Entered Level 1 of the Orcish Mines
 13928 | Orc:1    | Noticed an orc sorcerer
 14206 | Orc:1    | Killed an orc sorcerer
 14286 | Orc:1    | Noticed Erolcha
 14360 | D:10     | Killed from afar by Erolcha

Skill      XL: |  1  2  3  4  5  6  7  8  9 10 11 |
---------------+----------------------------------+-----
Spellcasting   | 2 3 4 5 7 8 |  8.6
Earth Magic    | 6 8 10 11 | 11.3
Transmutations | 1 3 5 |  5.3
Invocations    | 3 4 |  4.3
Short Blades   | 6 8 |  8.6
Fighting       | 4 5 |  5.0
Dodging        | 3 |  3.2
Stealth        | |  2.4

Action                   |  1- 3 |  4- 6 |  7- 9 | 10-12 || total
-------------------------+-------+-------+-------+-------++-------
Melee: Unarmed           |    38 |       |       |       ||    38
       Dagger            |       |    29 |   274 |   316 ||   619
 Fire: Hunting sling     |       |    10 |       |       ||    10
Throw: Stone             |       |    15 |     8 |       ||    23
 Cast: Sandblast         |    82 |   166 |   103 |    99 ||   450
       Stone Arrow       |       |     3 |    25 |    48 ||    76
       Lee's Rapid Decon |       |       |     6 |    15 ||    21
       Petrify           |       |       |     2 |     6 ||     8
       Passwall          |       |       |       |     5 ||     5
Invok: Lesser Servant of |       |       |       |     1 ||     1
 Abil: Device Recharging |       |     1 |     2 |     1 ||     4
Evoke: Wand              |       |     5 |    11 |    10 ||    26
  Use: Scroll            |     4 |     7 |    11 |     7 ||    29
 Stab: Petrified         |       |       |     5 |     2 ||     7
       Sleeping          |       |       |       |     4 ||     4
  Eat: Chunk             |     2 |     9 |     4 |    15 ||    30
       Royal jelly       |       |     1 |       |     1 ||     2
       Bread ration      |       |       |     1 |       ||     1
       Meat ration       |       |       |     2 |       ||     2
       Pizza             |       |       |       |     1 ||     1
       Beef jerky        |       |       |       |     1 ||     1
Armor: Robe              |    24 |    21 |       |       ||    45
       Leather armour    |       |    83 |       |       ||    83
       Troll leather arm |       |     1 |   103 |   112 ||   216
Dodge: Dodged            |    43 |   202 |   214 |   161 ||   620
Block: Other             |       |       |       |     2 ||     2
